 Dungeon Crawl Stone Soup version 0.26.0-9-gab577f9fc5 (webtiles) character file.

Game seed: 15879022277294032406

29290 waddelsworth the Fighter (level 13, 0/124 HPs)
             Began as a Minotaur Berserker on Jan 13, 2021.
             Was an Elder of Trog.
             Slain by a komodo dragon (10 damage)
             ... while petrified by a basilisk
             ... on level 3 of the Lair of Beasts.
             The game lasted 00:47:55 (13238 turns).

waddelsworth the Fighter (Minotaur Berserker)      Turns: 13238, Time: 00:47:55

Health: 0/124      AC: 22    Str: 22    XL:     13   Next: 14%
Magic:  21/21      EV:  2    Int:  2    God:    Trog [****..]
Gold:   1640       SH:  0    Dex: 17    Spells: 12/12 levels left

rFire    . . .     SeeInvis .   f - +1 morningstar of Doubt {vorpal, +Rage rC+ Str-4 Dex+5}
rCold    + + .     Faith    .   o - +0 buckler
rNeg     + + +     Spirit   .   r - +0 plate armour
rPois    ∞         Reflect  .   P - +2 hat
rElec    .         Harm     .   q - +0 cloak
rCorr    .         Rampage  .   A - +1 pair of gloves
Will     +....                  (no boots)
Stlth    ..........             t - amulet of regeneration
HPRegen  0.70/turn              W - ring of Discretion {+Inv rPois MP+9 Str-3 Int-4}
MPRegen  0.17/turn              V - ring of Lugonu's Hope {rC+ Will+ Str+4 Int+2}

@: petrified
A: retaliatory headbutt, horns 2
a: Renounce Religion, Evoke Berserk Rage, Evoke Invisibility, Berserk, Trog's
Hand, Brothers in Arms


You were on level 3 of the Lair of Beasts.
You worshipped Trog.
Trog was greatly pleased with you.
You visited 2 branches of the dungeon, and saw 14 of its levels.
You also visited: Gauntlet and Ice Cave.

You collected 1640 gold pieces.

Inventory:

Hand Weapons
 f - the +1 morningstar of Doubt (weapon) {vorpal, +Rage rC+ Str-4 Dex+5}
   (You found it in a Gauntlet)

   It inflicts extra damage upon your enemies.
   It affects your strength (-4).
   It affects your dexterity (+5).
   It protects you from cold.
   It lets you go berserk.
 G - a +4 antimagic great mace
Missiles
 k - 14 silver javelins
Armour
 o - a +0 buckler (worn)
 q - a +0 cloak (worn)
 r - a +0 plate armour (worn)
 A - a +1 pair of gloves (worn)
 P - a +2 hat (worn)
Jewellery
 l - an uncursed ring of wizardry {unknown}
 t - an amulet of regeneration (around neck)
 C - an uncursed ring of flight
 U - a cursed -4 ring of slaying {unknown}
 V - the ring of Lugonu's Hope (right hand) {rC+ Will+ Str+4 Int+2}
   (You took it off a minotaur in a Gauntlet)

   [ring of willpower]

   It affects your strength (+4).
   It affects your intelligence (+2).
   It protects you from cold.
   It affects your willpower, your defense against some magical effects.
 W - the ring of Discretion (left hand) {+Inv rPois MP+9 Str-3 Int-4}
   (You found it on level 10 of the Dungeon)

   [ring of intelligence]

   It affects your strength (-3).
   It affects your intelligence (-4).
   It protects you from poison.
   It affects your magic capacity (+9).
   It lets you turn invisible.
Wands
 n - a wand of polymorph (13)
 y - a wand of digging (5)
 z - a wand of acid (18)
 H - a wand of iceblast (15)
 J - a wand of enslavement (13)
 N - a wand of random effects (18)
 O - a wand of flame (32)
 Z - a wand of disintegration (13)
Scrolls
 a - a scroll of immolation
 b - 8 scrolls of remove curse
 h - 7 scrolls of enchant armour
 m - 9 scrolls of teleportation
 v - a scroll of silence {unknown}
 x - a scroll of noise {unknown}
 B - 2 scrolls of fog
 D - 3 scrolls of fear {unknown}
 E - 3 scrolls of identify
 I - 3 scrolls of enchant weapon {unknown}
 K - a scroll of blinking
 M - 2 scrolls of random uselessness {unknown}
 Q - a scroll of amnesia
 X - a scroll of brand weapon {unknown}
Potions
 c - 3 potions of lignification
 d - 4 potions of flight
 e - 4 potions of attraction
 g - a potion of cancellation {unknown}
 i - 7 potions of heal wounds
 j - a potion of ambrosia {unknown}
 p - 2 potions of haste {unknown}
 s - 5 potions of curing
 u - 3 potions of might {unknown}
 w - 2 potions of berserk rage {unknown}
 L - 2 potions of mutation {unknown}
 R - 3 potions of degeneration {unknown}
 S - 2 potions of invisibility {unknown}
 T - a potion of resistance {unknown}
Miscellaneous
 F - a box of beasts
 Y - a box of beasts


   Skills:
 + Level 14.0 Fighting
 + Level 14.0 Maces & Flails
 - Level 0.8 Polearms
 + Level 13.8 Armour
 - Level 8.0 Dodging
 - Level 4.0 Shields
 * Level 5.0 Evocations


You had 12 spell levels left.
You didn't know any spells.
Your spell library was empty.

Dungeon Overview and Level Annotations

Branches:
Dungeon (11/15)            Temple (0/1) D:6            Lair (3/6) D:11
  Swamp (0/4) Lair:2        IceCv (visited)         Gauntlet (visited)
  Snake: Lair:2-4    Spider: Lair:2-4       Orc: D:9-12

Altars:
Cheibriados
Dithmenos
Elyvilon
Fedhas
Gozag
Hepliaklqana
Kikubaaqudgha
Makhleb
Okawaru
Qazlal
Sif Muna
Zin
The Shining One

Shops:
D:11 [

Annotations:
Lair:3 exclusion: 2 oklob plants


Innate Abilities, Weirdness & Mutations

You reflexively headbutt those who attack you in melee.
You have a pair of horns on your head.


Message History

The wyvern bites you but does no damage.
The komodo dragon bites you!!
* * * LOW HITPOINT WARNING * * *
The wyvern bites you but does no damage.
The wyvern bites you.
* * * LOW HITPOINT WARNING * * *
The komodo dragon bites you!
* * * LOW HITPOINT WARNING * * *
The wyvern bites you.
* * * LOW HITPOINT WARNING * * *
The komodo dragon bites you but does no damage.
The wyvern bites you.
* * * LOW HITPOINT WARNING * * *
A seven-headed hydra comes into view.
The seven-headed hydra roars!
The wyvern bites you but does no damage.
The komodo dragon bites you but does no damage.
The wyvern bites you but does no damage.
The komodo dragon bites you!!
You die...

..........†.#..## ...
..##............# ......
####......D.#..## ......
#...............# ......
...........#....##......
##P#........#....P......
####....#.#..†..>..#..##
................l†.....#
.....##.P......l@..#..#
.P..#.#..P.P............
......÷............#..##
..............(.......#
...........#...........
.#.##.....##............
.#####...##P........#P##
## #...###........### #
##.####.......##


You could see a seven-headed hydra, a komodo dragon and a wyvern.

Vanquished Creatures
  A minotaur (Gauntlet)
  A hydra (Lair:3)
  A great orb of eyes (D:10)
  A boulder beetle (D:10)
  Erica (D:11)
  3 death yaks (D:11)
  A deep troll earth mage (D:10)
  An unseen horror (D:10)
  Pikel (D:5)
  A flayed ghost (D:10)
  A necromancer (Gauntlet)
  A wolf spider (Lair:1)
  A faun (shapeshifter) (D:10)
  2 cyclopes (D:11)
  A manticore (D:10)
  A worldbinder (Gauntlet)
  A centaur zombie (D:9)
  An elephant (Lair:3)
  2 black mambas
  2 ice statues (IceCv)
  A cane toad (Lair:3)
  A minotaur zombie (Gauntlet)
  A rime drake (Lair:3)
  3 komodo dragons
  A polar bear (Lair:3)
  4 trolls
  A hornet (Lair:1)
  3 blink frogs (Lair:2)
  A flying skull (Gauntlet)
  A wyvern (Lair:2)
  29 yaks
  3 wraiths
  A steam dragon (D:7)
  2 basilisks
  7 water moccasins
  Duvessa (D:6)
  2 sky beasts
  3 black bears
  14 ice beasts
  4 orc warriors
  5 centaurs
  A necrophage (D:9)
  2 phantoms
  2 ogres
  10 wolves
  2 boggarts (Gauntlet)
  A lemure (D:5)
  11 bullfrogs
  Dowan (D:6)
  A water moccasin zombie (D:11)
  2 scorpions (D:9)
  4 wights (D:11)
  A howler monkey (D:9)
  A bullfrog zombie (D:11)
  2 jellies (D:6)
  6 hounds
  7 orc priests
  Crazy Yiuf (D:2)
  12 orc wizards
  2 bullfrog skeletons
  A centaur skeleton (D:8)
  Ijyb (D:5)
  2 iguanas
  A hell rat (D:11)
  6 worker ants
  2 worker ant zombies
  8 gnolls
  A howler monkey skeleton (D:7)
  19 adders
  2 river rats (D:11)
  A shadow imp (D:8)
  4 white imps
  2 oozes
  2 adder skeletons
  3 dart slugs
  3 leopard geckos
  32 orcs
  6 giant cockroaches
  5 hobgoblins
  18 jackals
  9 quokkas
  4 bats
  3 frilled lizards
  5 goblins
  A jackal skeleton (D:6)
  5 kobolds
  2 quokka skeletons
  4 rats
334 creatures vanquished.

Vanquished Creatures (collateral kills)
  An ugly thing (IceCv)
  5 flying skulls (Gauntlet)
  4 ice beasts (IceCv)
10 creatures vanquished.

Vanquished Creatures (others)
  An ugly thing (IceCv)
  12 fungi
  40 plants
53 creatures vanquished.

Grand Total: 397 creatures vanquished

Notes
Turn   | Place    | Note
-------+----------+-------------------------------------------
     0 | D:1      | waddelsworth the Minotaur Berserker began the quest for the
                  | Orb.
     0 | D:1      | Reached XP level 1. HP: 19/19 MP: 0/0
   452 | D:2      | Found a white marble altar of Elyvilon.
   464 | D:2      | Reached XP level 2. HP: 21/27 MP: 1/1
   585 | D:2      | Reached XP level 3. HP: 33/33 MP: 2/2
   837 | D:2      | Found a runed translucent door.
   838 | D:2      | Noticed Crazy Yiuf
  1215 | D:2      | Reached ** piety under Trog
  1584 | D:2      | Killed Crazy Yiuf
  1585 | D:2      | Reached XP level 4. HP: 41/41 MP: 3/3
  2286 | D:3      | Reached XP level 5. HP: 47/47 MP: 4/4
  2438 | D:3      | Found a snail-covered altar of Cheibriados.
  2992 | D:4      | Reached skill level 5 in Fighting
  3037 | D:4      | Reached *** piety under Trog
  3042 | D:4      | Reached skill level 5 in Maces & Flails
  3042 | D:4      | Reached XP level 6. HP: 49/56 MP: 5/5
  3672 | D:5      | Entered Level 5 of the Dungeon
  3690 | D:5      | Noticed Pikel
  3717 | D:5      | Killed Pikel
  3718 | D:5      | Reached skill level 5 in Armour
  3718 | D:5      | Reached skill level 5 in Dodging
  3718 | D:5      | Reached XP level 7. HP: 30/64 MP: 6/6
  3800 | D:5      | Found a burning altar of Makhleb.
  3844 | D:5      | Noticed Ijyb
  3872 | D:5      | Killed Ijyb
  3956 | D:5      | Reached XP level 8. HP: 68/71 MP: 7/7
  4070 | D:5      | Found an iron altar of Okawaru.
  4480 | D:6      | Found a blossoming altar of Fedhas.
  4623 | D:6      | Noticed Duvessa
  4623 | D:6      | Noticed Dowan
  4631 | D:6      | Killed Duvessa
  4635 | D:6      | Killed Dowan
  4697 | D:6      | Reached **** piety under Trog
  4740 | D:6      | Found an opulent altar of Gozag.
  4741 | D:6      | Found a glowing silver altar of Zin.
  4817 | D:6      | Found a staircase to the Ecumenical Temple.
  5467 | D:7      | Reached XP level 9. HP: 81/81 MP: 8/8
  5641 | D:7      | You fall into a shaft and drop 1 floor!
  6340 | D:8      | Found a glowing golden altar of the Shining One.
  6368 | D:8      | Found an ancient bone altar of Kikubaaqudgha.
  6368 | D:8      | Found a hazy altar of Hepliaklqana.
  6368 | D:8      | Found a stormy altar of Qazlal.
  6399 | D:8      | Noticed a troll
  6409 | D:8      | Killed a troll
  6832 | D:9      | Found a shadowy altar of Dithmenos.
  6891 | D:9      | Reached ***** piety under Trog
  6895 | D:9      | Reached XP level 10. HP: 88/91 MP: 9/9
  6910 | D:9      | Found a stormy altar of Qazlal.
  7400 | D:9      | Found a shimmering blue altar of Sif Muna.
  7404 | D:9      | Reached skill level 10 in Fighting
  7404 | D:9      | Reached skill level 10 in Maces & Flails
  7463 | D:10     | Entered Level 10 of the Dungeon
  7913 | D:10     | Noticed a manticore
  7922 | D:10     | Killed a manticore
  7923 | D:10     | Reached skill level 10 in Armour
  7945 | D:10     | Noticed a faun
  7956 | D:10     | Killed a faun
  7962 | D:10     | Got a coiled bone ring
  7965 | D:10     | Identified the cursed ring of Discretion {+Inv rPois MP+9
                  | Str-3 Int-4} (You found it on level 10 of the Dungeon)
  7994 | D:10     | Noticed a flayed ghost
  8060 | D:10     | Killed a flayed ghost
  8204 | D:10     | Killed an unseen horror
  8304 | D:10     | Noticed a deep troll earth mage
  8323 | D:10     | Killed a deep troll earth mage
  8324 | D:10     | Reached XP level 11. HP: 57/102 MP: 10/10
  8356 | D:10     | Noticed a boulder beetle
  8375 | D:10     | Killed a boulder beetle
  8448 | D:10     | Noticed a great orb of eyes
  8454 | D:10     | Killed a great orb of eyes
  8695 | D:11     | Found a gate leading to a gauntlet.
  8728 | Gauntlet | Entered a Gauntlet
  8728 | Gauntlet | Found a large runed translucent door.
  8728 | Gauntlet | Found a large runed translucent door.
  8728 | Gauntlet | Found a large runed translucent door.
  8728 | Gauntlet | Found a large runed translucent door.
  8728 | Gauntlet | Found a runed translucent door.
  8728 | Gauntlet | Found a large runed translucent door.
  8728 | Gauntlet | Found a large runed translucent door.
  8728 | Gauntlet | Found a transporter.
  8728 | Gauntlet | Found a transporter.
  8728 | Gauntlet | Found a large runed translucent door.
  8728 | Gauntlet | Found a large runed translucent door.
  8728 | Gauntlet | Found a runed translucent gate.
  8728 | Gauntlet | Found a runed translucent gate.
  8728 | Gauntlet | Found a transporter.
  8728 | Gauntlet | Noticed a wizard
  8729 | Gauntlet | Found a transporter.
  8729 | Gauntlet | Noticed a necromancer
  8732 | Gauntlet | Found a transporter.
  8732 | Gauntlet | Found a transporter.
  8742 | Gauntlet | Found a transporter.
  8746 | Gauntlet | Found a transporter.
  8761 | Gauntlet | Found a transporter.
  8762 | Gauntlet | Found a transporter.
  8763 | Gauntlet | Noticed an obsidian statue
  8780 | Gauntlet | Found a transporter.
  8784 | Gauntlet | Found a transporter.
  8801 | Gauntlet | Found a runed translucent gate.
  8802 | Gauntlet | Found a large runed translucent door.
  8802 | Gauntlet | Found a large runed translucent door.
  8803 | Gauntlet | Found a large runed translucent door.
  8804 | Gauntlet | Found a large runed translucent door.
  8805 | Gauntlet | Found a large runed translucent door.
  8805 | Gauntlet | Found a large runed translucent door.
  8805 | Gauntlet | Found a runed translucent door.
  8806 | Gauntlet | Found a large runed translucent door.
  8807 | Gauntlet | Found a large runed translucent door.
  8942 | Gauntlet | Killed a necromancer
  9058 | Gauntlet | Got a dazzling morningstar
  9069 | Gauntlet | Identified the cursed +1 morningstar of Doubt {vorpal,
                  | +Rage rC+ Str-4 Dex+5} (You found it in a Gauntlet)
  9086 | Gauntlet | Noticed an orb spider
  9369 | Gauntlet | Identified the ring of Lugonu's Hope {rC+ Will+ Str+4
                  | Int+2}
  9369 | Gauntlet | Noticed a minotaur
  9381 | Gauntlet | Killed a minotaur
  9889 | D:11     | Noticed Erica
  9903 | D:11     | Killed Erica
  9917 | D:11     | Found Epnude Ohih's Armour Shoppe.
  9992 | D:11     | Found a staircase to the Lair.
  9993 | D:11     | Noticed a death yak
  9993 | D:11     | Noticed a death yak
  9993 | D:11     | Noticed a death yak
  9995 | D:11     | Reached XP level 12. HP: 113/113 MP: 11/11
 10005 | D:11     | Killed a death yak
 10013 | D:11     | Killed a death yak
 10040 | D:11     | Killed a death yak
 10698 | Lair:1   | Entered Level 1 of the Lair of Beasts
 11325 | Lair:1   | Reached skill level 1 in Shields
 11511 | Lair:1   | Reached skill level 1 in Evocations
 11797 | Lair:2   | Received a gift from Trog
 11849 | Lair:2   | Found a frozen archway.
 11895 | IceCv    | Entered an ice cave
 11907 | IceCv    | Found a transporter.
 11925 | IceCv    | Found a transporter.
 12108 | Lair:2   | Got an ichor-stained plate armour
 12120 | Lair:2   | Identified the cursed +1 plate armour of the Four Moons
                  | {rF- Int+5} (You found it on level 2 of the Lair of Beasts)
 12209 | Lair:2   | Found a staircase to the Swamp.
 12774 | Lair:3   | Noticed a five-headed hydra
 12792 | Lair:3   | Killed a five-headed hydra
 12793 | Lair:3   | Reached XP level 13. HP: 77/123 MP: 12/12
 13229 | Lair:3   | Reached skill level 5 in Evocations
 13238 | Lair:3   | Slain by a komodo dragon

Illustrated notes

Levels and vault maps discovered:
D:1:      mrwooster_arrival_statue, layout_basic
D:2:      layout_loops_corners, elyvilon_altar_3, uniq_crazy_yiuf_cottage
D:3:      wander_river, layout_basic, cheibriados_altar_1, hex_large
D:4:      layout_gridville, minmay_circle_x
D:5:      layout_basic, kennysheep_little_box, marbit_many_paths, uniq_pikel,
          uniq_ijyb
D:6:      layout_loops_ring, grunt_temple_overflow_gold_and_silver,
          overflow_temple_1_default, minmay_temple_entry_mist, uniq_duvessa
D:7:      layout_gridville
D:8:      minmay_spotlight, layout_cave_pools, overflow_temple_1_default,
          chequers_temple_overflow_statue_of_worship
D:9:      kennysheep_orc_sif_temple, layout_irregular_city,
          nicolae_dithmenos_shadow_blocks, nicolae_qazlal_general_emergency
D:10:     minmay_chopped_fan, layout_irregular_city, minivault_26
D:11:     layout_layer_cave, dpeg_lair_monsters, serial_shops, shop,
          gauntlet_entry_generic, uniq_erica
Lair:1:   minmay_lair_venomous_thicket, layout_gridlike
Lair:2:   layout_long_grid, swamp_mist, portal_ice_cave_entry_ice_beasts,
          lemuel_fruit_tree, infiniplex_staircase_pool_2
Lair:3:   layout_gridlike, guppyfry_snake_entry_garden, minivault_25,
          minmay_lair_oklob_chamber

Skill      XL: |  1  2  3  4  5  6  7  8  9 10 11 12 13 |
---------------+----------------------------------------+-----
Fighting       | 4 5 6 7 9 11 12 13 14 | 14.0
Maces & Flails | 4 5 6 7 9 11 12 13 14 | 14.0
Armour         | 3 4 5 6 7 9 11 12 13 | 13.8
Dodging        | 3 5 6 8 |  8.0
Shields        | 4 |  4.0
Evocations     | 4 5 |  5.0
Polearms       | |  0.8

Action                   |  1- 3 |  4- 6 |  7- 9 | 10-12 | 13-15 || total
-------------------------+-------+-------+-------+-------+-------++-------
Melee: Spear             |    74 |    40 |       |       |       ||   114
       Mace              |     4 |    38 |       |       |       ||    42
       Headbutt          |    11 |    31 |    57 |   169 |    12 ||   280
       Flail             |       |    97 |       |       |       ||    97
       Whip              |       |       |   256 |   191 |       ||   447
       Morningstar       |       |       |       |   426 |    53 ||   479
Invok: Trog's Hand       |       |     1 |       |     6 |       ||     7
       Berserk           |       |     1 |       |     2 |       ||     3
       Brothers in Arms  |       |       |       |     7 |       ||     7
  Use: Scroll            |     4 |     3 |     3 |    13 |       ||    23
Armor: Animal skin       |     4 |       |       |       |       ||     4
       Leather armour    |     3 |       |       |       |       ||     3
       Ring mail         |     2 |       |       |       |       ||     2
       Plate armour      |       |   116 |   120 |   444 |    68 ||   748
Dodge: Dodged            |    46 |    70 |    89 |   283 |    32 ||   520
Block: Buckler           |       |       |       |    62 |    12 ||    74
